 Dungeon Crawl Stone Soup version 0.25-a0-566-g062765be81 (webtiles) character file.

Game seed: 656415242886604438, levelgen mode: deterministic

17058 Flugslaktarn the Cleaver (level 12, 0/120 HPs)
             Began as a Deep Dwarf Fighter on Feb 27, 2020.
             Was an Elder of Makhleb.
             Slain by a seven-headed hydra (9 damage)
             ... on level 14 of the Dungeon.
             The game lasted 00:06:33 (9082 turns).

Flugslaktarn the Cleaver (Deep Dwarf Fighter)       Turns: 9082, Time: 00:06:34

Health: 0/120      AC: 13    Str: 27    XL:     12   Next: 15%
Magic:  3/3        EV:  6    Int: 10    God:    Makhleb [****..]
Gold:   511        SH: 15    Dex: 12    Spells: 11/11 levels left

rFire    + . .     SeeInvis .   a - +1 war axe
rCold    . . .     Gourm    .   I - +0 tower shield
rNeg     . . .     Faith    .   m - +0 ring mail "Bijyocle" {-Tele Regen+ Str+3}
rPois    .         Spirit   .   z - +0 helmet
rElec    .         Reflect  .   i - +0 cloak
rCorr    .         Harm     +   k - +0 pair of gloves
MR       +....     NoTele   +   b - +1 pair of boots
Stlth    +.........             o - amulet of harm
HPRegen  0.00/turn              f - ring of protection from fire
MPRegen  0.08/turn              (no ring)

@: non-regenerating
A: damage resistance, heal wounds, sense surroundings 2, no regeneration
a: Heal Wounds, Minor Destruction, Lesser Servant of Makhleb, Major Destruction,
Renounce Religion


You were on level 14 of the Dungeon.
You worshipped Makhleb.
Makhleb was greatly pleased with you.
You were hungry.

You visited 2 branches of the dungeon, and saw 15 of its levels.

You collected 735 gold pieces.
You spent 224 gold pieces at shops.

Inventory:

Hand Weapons
 a - a +1 war axe (weapon)
Armour
 b - a +1 pair of boots (worn)
   (You found it on level 6 of the Dungeon)
 c - a +0 kite shield
 i - a +0 cloak (worn)
   (You found it on level 9 of the Dungeon)
 j - a +0 chain mail
   (You found it on level 3 of the Dungeon)
 k - a +0 pair of gloves (worn)
   (You found it on level 7 of the Dungeon)
 m - the +0 ring mail "Bijyocle" (worn) {-Tele Regen+ Str+3}
   (You found it on level 4 of the Dungeon)

   It affects your strength (+3).
   It prevents most forms of teleportation.
   It increases your rate of regeneration.
   If you remove this armour, your AC will decrease by 7 (13 -> 6).
 z - a +0 helmet (worn)
   (You found it on level 5 of the Dungeon)
 I - a +0 tower shield (worn)
   (You found it on level 13 of the Dungeon)
Jewellery
 f - a ring of protection from fire (left hand)
   (You found it on level 8 of the Dungeon)
 l - the ring of Ustuu {+Fly Str+3 Int-2 Dex+2, unknown}
   (You found it on level 9 of the Dungeon)

   [ring of strength]

   It affects your strength (+3).
   It affects your intelligence (-2).
   It affects your dexterity (+2).
   It lets you fly.
 o - an amulet of harm (around neck)
   (You found it on level 5 of the Dungeon)
 E - a +5 ring of strength {unknown}
   (You found it on level 11 of the Dungeon)
 G - a cursed ring of teleportation {unknown}
   (You found it on level 12 of the Dungeon)
Wands
 u - a wand of scattershot (6)
   (You found it on level 7 of the Dungeon)
 v - a wand of digging (5)
   (You found it on level 9 of the Dungeon)
 J - a wand of paralysis (7)
   (You found it on level 13 of the Dungeon)
Scrolls
 g - a scroll of enchant weapon
 n - a scroll of immolation {unknown}
 p - a scroll of enchant armour
 r - 7 scrolls of identify
 x - 5 scrolls of remove curse
 B - 2 scrolls of fear
 F - a scroll of vulnerability {unknown}
 H - 2 scrolls of teleportation {unknown}
 K - a scroll of fog {unknown}
Potions
 d - 3 potions of might
 h - 2 potions of haste
 q - 3 potions of curing
 s - 2 potions of degeneration {unknown}
 t - 4 potions of lignification
 w - 2 potions of heal wounds
 y - 2 potions of stabbing
 A - a potion of mutation {unknown}
 C - 2 potions of cancellation
 D - a potion of berserk rage {unknown}
Comestibles
 e - 19 rations


   Skills:
 * Level 11.1 Fighting
 * Level 12.8 Axes
 + Level 9.7 Armour
 - Level 3.2 Shields
 + Level 9.8 Invocations


You had 11 spell levels left.
You didn't know any spells.
Your spell library was empty.

Dungeon Overview and Level Annotations

Branches:
Dungeon (14/15)            Temple (1/1) D:6            Lair (0/6) D:10
    Orc (0/2) D:11
 Vaults: D:13-14

Altars:
Ashenzari
Cheibriados
Dithmenos
Elyvilon
Fedhas
Gozag
Kikubaaqudgha
Makhleb
Nemelex Xobeh
Okawaru
Qazlal
Ru
Sif Muna
Trog
Uskayaw
Vehumet
Wu Jian
Xom
Yredelemnul
Zin
The Shining One

Shops:
D:5 %   D:10 ?

Portals:
Abyss: D:14
Trove: D:10 (give 5 potions of resistance)

Annotations:
D:14 1 transporter, Oxzorhal's ghost, journeyman TrTm


Innate Abilities, Weirdness & Mutations

You are resistant to damage.
You can heal yourself by infusing magical energy.
You passively map the area around you.
You do not regenerate.


Message History

Unknown command.
You feel much better.
The seven-headed hydra bites you but does no damage.
You block the seven-headed hydra's attack. x3
The seven-headed hydra bites you but does no damage. x2
The seven-headed hydra bites you!
A demon appears!
The seven-headed hydra bites you!
You block the seven-headed hydra's attack.
The seven-headed hydra bites you! x2
* * * LOW HITPOINT WARNING * * *
The seven-headed hydra bites you but does no damage.
The seven-headed hydra bites you!
* * * LOW HITPOINT WARNING * * *
The seven-headed hydra bites you!
* * * LOW HITPOINT WARNING * * *
A demon appears!
You block the seven-headed hydra's attack.
The seven-headed hydra bites you but does no damage.
The seven-headed hydra bites you!
You die...

........# ** , ,,, ,,
........#, , , *
........+ * * * ,
........# * , , , * ,
* ......!.###### , * *
.....©.†.....##* *** ,
...%###..###.p# *** ,
* ##.*#o####.##D###
.,, #...#@..##, ,,* ,
..* #G#33..# ).
......##...#+##### , >
*...
*.###..,##........#
.##..#, ,#.
##........# * ..##.#,
,.##?##.........# *
...#..
##..###..........# * ,
*...#.§
1#...©...........# *
##.#
*..#(##..............#
* ,


You could see a seven-headed hydra, a great orb of eyes, a wizard, a friendly
neqoxec and a friendly ynoxinul.

Vanquished Creatures
  2 two-headed ogres
  An unseen horror (D:13)
  A deep elf mage (D:13)
  A cyclops (D:13)
  An ugly thing (D:13)
  A manticore (D:13)
  3 centaur skeletons
  A komodo dragon (D:10)
  A kobold demonologist (D:12)
  A meliai (shapeshifter) (D:14)
  A troll (D:9)
  2 hippogriffs
  2 wraiths
  18 yaks
  A wyvern (D:13)
  2 hungry ghosts
  3 hogs (D:12)
  A human (D:12)
  2 wargs (D:10)
  Menkaure (D:4)
  2 acid dragons
  7 orc warriors
  4 ice beasts
  2 sky beasts
  A black bear (D:9)
  2 phantoms
  5 ogres
  6 centaurs
  A crocodile (D:8)
  4 big kobolds
  8 bullfrogs
  A wyvern zombie (D:9)
  5 scorpions
  5 wights (D:7)
  3 howler monkeys
  10 crimson imps
  4 centaur zombies
  A quasit (D:12)
  3 bullfrog zombies
  5 jellies
  7 hounds
  11 orc wizards
  8 orc priests
  3 bullfrog skeletons
  An iguana (D:10)
  12 worker ants
  2 hound zombies
  A howler monkey zombie (D:10)
  9 adders
  3 shadow imps
  2 adder skeletons
  2 worms (D:2)
  5 leopard geckos
  43 orcs
  3 giant cockroaches
  2 goblins
  7 jackals
  2 quokkas
  2 bats
  2 frilled lizards
  A jackal skeleton (D:8)
  12 kobolds
  A quokka skeleton (D:5)
  2 rats
268 creatures vanquished.

Vanquished Creatures (collateral kills)
  A two-headed ogre (D:12)
  An ugly thing (D:12)
  An acid dragon (D:11)
  A worker ant (D:12)
  4 kobolds (D:12)
8 creatures vanquished.

Grand Total: 276 creatures vanquished

Notes
Turn   | Place    | Note
-------+----------+-------------------------------------------
     0 | D:1      | Flugslaktarn the Deep Dwarf Fighter began the quest for the
                  | Orb.
     0 | D:1      | Reached XP level 1. HP: 20/20 MP: 1/1
    91 | D:2      | Reached XP level 2. HP: 21/27 MP: 2/2
   277 | D:4      | Reached skill level 3 in Axes
   277 | D:4      | Reached XP level 3. HP: 33/34 MP: 3/3
   430 | D:4      | Reached XP level 4. HP: 39/42 MP: 4/4
   501 | D:5      | Entered Level 5 of the Dungeon
   563 | D:4      | Noticed Menkaure
   580 | D:4      | Killed Menkaure
   580 | D:4      | Reached skill level 4 in Axes
   580 | D:4      | Reached XP level 5. HP: 27/50 MP: 3/3
   712 | D:4      | Noticed a phantom
   737 | D:4      | Killed a phantom
   737 | D:4      | Reached XP level 6. HP: 26/58 MP: 3/3
   750 | D:4      | Got a pitted ring mail
   761 | D:4      | Identified the cursed +0 ring mail "Bijyocle" {-Tele Regen+
                  | Str+3} (You found it on level 4 of the Dungeon)
  1073 | D:5      | Reached skill level 5 in Axes
  1655 | D:5      | Found Atzuppypt's Food Boutique.
  1743 | D:6      | Found a staircase to the Ecumenical Temple.
  1760 | Temple   | Entered the Ecumenical Temple
  1952 | Temple   | Became a worshipper of Makhleb the Destroyer
  2011 | D:6      | Noticed a sky beast
  2040 | D:6      | Killed a sky beast
  2040 | D:6      | Reached skill level 5 in Fighting
  2040 | D:6      | Reached XP level 7. HP: 62/67 MP: 2/2
  2063 | D:6      | Reached skill level 5 in Armour
  2063 | D:6      | Reached skill level 1 in Invocations
  2517 | D:6      | Reached skill level 6 in Axes
  2578 | D:7      | Noticed a hippogriff
  2591 | D:7      | Killed a hippogriff
  2671 | D:7      | Reached XP level 8. HP: 76/76 MP: 4/4
  2779 | D:7      | Reached skill level 7 in Axes
  3170 | D:7      | Reached * piety under Makhleb
  3576 | D:8      | Reached skill level 8 in Axes
  3576 | D:8      | Gained mutation: You passively map the area around you.
                  | [Deep Dwarf growth]
  3576 | D:8      | Reached XP level 9. HP: 53/86 MP: 5/5
  3882 | D:8      | Reached skill level 5 in Invocations
  4138 | D:8      | Found the +8 autumn katana {vorpal, Clar}
  4160 | D:8      | Reached ** piety under Makhleb
  4409 | D:8      | Found an ancient bone altar of Kikubaaqudgha.
  4409 | D:8      | Found a faded altar of an unknown god.
  4414 | D:8      | Found an iron altar of Okawaru.
  4416 | D:8      | Found a faded altar of an unknown god.
  4417 | D:8      | Found an ornate altar of the Wu Jian Council.
  4531 | D:9      | Reached skill level 9 in Axes
  4830 | D:9      | Noticed a troll
  4841 | D:9      | Killed a troll
  5081 | D:9      | Got a translucent marble ring
  5294 | D:9      | Reached XP level 10. HP: 95/97 MP: 5/5
  5598 | D:10     | Entered Level 10 of the Dungeon
  5598 | D:10     | Found Duaduol's Magic Scroll Shoppe.
  5616 | D:10     | Bought a scroll of enchant weapon for 112 gold pieces
  5620 | D:10     | Bought a scroll of enchant armour for 112 gold pieces
  5830 | D:10     | Reached skill level 10 in Axes
  5906 | D:10     | Reached *** piety under Makhleb
  5973 | D:10     | Found a staircase to the Lair.
  6461 | D:10     | Found a portal to a secret trove of treasure.
  6682 | D:11     | Found a staircase to the Orcish Mines.
  6686 | D:11     | Noticed a two-headed ogre
  6700 | D:11     | Killed a two-headed ogre
  6700 | D:11     | Reached skill level 11 in Axes
  6880 | D:11     | Reached XP level 11. HP: 67/108 MP: 4/4
  7368 | D:12     | Noticed a brown ugly thing
  7393 | D:12     | HP: 4/108 [acid (6)]
  7395 | D:12     | Killed a brown ugly thing
  7436 | D:12     | Reached skill level 10 in Fighting
  7516 | D:12     | Found a shadowy altar of Dithmenos.
  7540 | D:12     | Noticed a two-headed ogre
  7554 | D:12     | Killed a two-headed ogre
  7554 | D:12     | Reached **** piety under Makhleb
  7697 | D:12     | Noticed a two-headed ogre
  7715 | D:12     | Killed a two-headed ogre
  7835 | D:12     | Reached skill level 12 in Axes
  8185 | D:13     | Noticed a red ugly thing
  8211 | D:13     | Killed a red ugly thing
  8323 | D:13     | Noticed a deep elf mage
  8332 | D:13     | Killed a deep elf mage
  8399 | D:13     | Reached XP level 12. HP: 118/118 MP: 4/4
  9015 | D:14     | Noticed an Executioner
  9022 | D:14     | Found a one-way gate to the infinite horrors of the Abyss.
  9024 | D:14     | Noticed Oxzorhal's ghost (journeyman TrTm)
  9036 | D:14     | Found a transporter.
  9056 | D:14     | Noticed a tentacled starspawn
  9057 | D:14     | Noticed a great orb of eyes
  9063 | D:14     | Noticed a four-headed hydra
  9069 | D:14     | Identified the +7 great sword "Viguraria" {distort, Dex+3
                  | Stlth+}
  9082 | D:14     | Slain by a seven-headed hydra

Levels and vault maps discovered:
D:1:      dpeg_arrival_subterranean_lakeside_camping, layout_basic,
          supply_closet_lemuel
D:2:      layout_rooms, gammafunk_temple_overflow_arena
D:3:      layout_loops_ring, first_ration
D:4:      layout_basic, uniq_menkaure
D:5:      layout_basic, serial_shops, nicolae_shop_competitors_out_of_business
D:6:      layout_basic, minmay_temple_entry_arrows, minivault_26
D:7:      layout_basic, minmay_quadrilaterals
D:8:      layout_gridville, chequers_temple_overflow_minitemple
D:9:      layout_basic
D:10:     layout_stronghold, erik_lair_orcish_takeover,
          nicolae_trove_entry_diagonal, serial_shops, shop, serial_column_ruins,
          column_ruins_open_tiny_water, column_ruins_columns_corner,
          column_ruins_open_medium, column_ruins_grid_1, column_ruins_open_tiny,
          column_ruins_corridor_straight
D:11:     layout_grid_maze, orc_0_dummy
D:12:     layout_cave_pools, basic_altar, grunt_livestock,
          minmay_misc_feat_rugged, nrook_uturn
D:13:     layout_stronghold
D:14:     layout_roguey [special_room_bee], grunt_vaults_entry_tiered,
          gammafunk_ghost_abyssal_escape, kennysheep_decorative_pillar,
          uniq_roxanne
Temple:   regret_index_temple_mists

Skill      XL: |  1  2  3  4  5  6  7  8  9 10 11 12 |
---------------+-------------------------------------+-----
Fighting       | 3 4 5 7 8 9 10 11 | 11.1
Axes           | 3 4 5 6 8 9 11 12 | 12.8
Armour         | 4 5 6 7 8 9 |  9.7
Invocations    | 2 4 6 8 9 |  9.8
Shields        | |  3.2

Action                   |  1- 3 |  4- 6 |  7- 9 | 10-12 || total
-------------------------+-------+-------+-------+-------++-------
Melee: War axe           |    68 |   142 |   368 |   507 ||  1085
Invok: Lesser Servant of |       |       |       |     5 ||     5
 Abil: Heal Wounds       |     2 |    10 |    28 |    45 ||    85
  Use: Scroll            |       |       |    15 |       ||    15
 Stab: Distracted        |       |       |       |     1 ||     1
  Eat: Chunk             |       |     2 |     8 |     9 ||    19
       Ration            |       |     1 |     2 |     1 ||     4
Armor: Scale mail        |    15 |       |       |       ||    15
       Chain mail        |    20 |    13 |       |       ||    33
       Ring mail         |       |    47 |   113 |   212 ||   372
Dodge: Dodged            |    20 |    33 |   126 |   180 ||   359
Block: Kite shield       |    25 |    69 |   186 |   228 ||   508
       Tower shield      |       |       |       |    70 ||    70

Table legend:
 A = Non-vault XP
 B = Vault XP
 C = Vault XP percentage of total XP
 D = Non-vault monster count
 E = Vault monster count
 F = Vault count percentage of total count
                 A         B        C        D         E       F
            +---------+---------+-------+---------+---------+-------
      Total |   22375 |    1994 |   8.2 |     258 |      18 |   6.5
            +---------+---------+-------+---------+---------+-------
        D:1 |       5 |       0 |   0.0 |       4 |       0 |   0.0
        D:2 |      18 |       0 |   0.0 |       6 |       0 |   0.0
        D:3 |      14 |       0 |   0.0 |       6 |       0 |   0.0
        D:4 |     261 |     172 |  39.7 |      17 |       1 |   5.6
        D:5 |     198 |       0 |   0.0 |      14 |       0 |   0.0
        D:6 |     426 |       0 |   0.0 |       5 |       0 |   0.0
        D:7 |    1424 |     180 |  11.2 |      26 |       3 |  10.3
        D:8 |    1186 |       0 |   0.0 |      27 |       0 |   0.0
        D:9 |    1863 |       0 |   0.0 |      31 |       0 |   0.0
       D:10 |    2488 |     646 |  20.6 |      43 |       9 |  17.3
       D:11 |    2879 |       0 |   0.0 |      21 |       0 |   0.0
       D:12 |    5459 |     996 |  15.4 |      36 |       5 |  12.2
       D:13 |    5190 |       0 |   0.0 |      18 |       0 |   0.0
       D:14 |     964 |       0 |   0.0 |       4 |       0 |   0.0
            +---------+---------+-------+---------+---------+-------
